 Dungeon Crawl Stone Soup version 0.29.0-4-gdea44cf6ec (webtiles) character file.

Game seed: 18257600737126669261

9 qw the Sneak (level 2, 0/23 HPs)
             Began as a Ghoul Enchanter on Sept 6, 2022.
             Slain by a frilled lizard (2 damage)
             ... on level 1 of the Dungeon.
             The game lasted 00:00:16 (546 turns).

qw the Sneak (Ghoul Enchanter)                       Turns: 546, Time: 00:00:17

Health: 0/23       AC:  2    Str: 11    XL:     2   Next: 12%
Magic:  3/3        EV: 12    Int: 10    God:
Gold:   28         SH:  0    Dex:  9    Spells: 4/4 levels left

rFire   . . .      SeeInvis .   e - +0 club
rCold   + . .      Faith    .   (no shield)
rNeg    + + +      Spirit   .   b - +0 robe
rPois   inf        Reflect  .   (no helmet)
rElec   .          Harm     .   (no cloak)
rCorr   .          Rampage  .   (no gloves)
Will    .....                   (no boots)
Stlth   ++........              (no amulet)
HPRegen 0.00/turn               (no ring)
MPRegen 0.08/turn               (no ring)

@: inhibited regen
A: claws 1, cold resistance 1, negative energy resistance 3, inhibited
regeneration, torment resistance 2, devour on kill
a: no special abilities


You were on level 1 of the Dungeon.
You visited 1 branch of the dungeon, and saw 1 of its levels.

You collected 28 gold pieces.


Innate Abilities, Weirdness & Mutations

You are immune to poison.
You have sharp fingernails.
Your flesh is cold resistant. (rC+)
You are immune to negative energy. (rN+++)
You do not regenerate when monsters are visible.
You are immune to unholy pain and torment.
You thrive by killing the living.


   Skills:
 - Level 1.0 Fighting
 - Level 0.8 Short Blades
 + Level 1.1 Axes
 - Level 1.7 Dodging
 - Level 3.2 Stealth
 - Level 1.7 Spellcasting
 - Level 2.4 Hexes


You had 4 spell levels left.
You didn't know any spells.
Your spell library contained the following spells:

 Spells                   Type           Power      Damage    Failure   Level
 Ensorcelled Hibernation  Hex/Ice        6%         N/A       30%         2
 Confusing Touch          Hex            5%         N/A       34%         3
 Tukima's Dance           Hex            5%         N/A       34%         3
 Dazzling Flash           Conj/Hex       6%         N/A       52%         3

Inventory:

Hand Weapons
 e - a +0 club (weapon)
Armour
 b - a +0 robe (worn)
Scrolls
 a - 2 scrolls of teleportation {unknown}
Potions
 c - 2 potions of invisibility
 d - a potion of might {unknown}
 f - a potion of resistance {unknown}

Dungeon Overview and Level Annotations

Branches:
Dungeon (1/15)

Altars:


Message History

You barely miss the kobold.
The kobold is moderately wounded.
The kobold closely misses you.
You hit the kobold but do no damage.
The kobold is moderately wounded.
The kobold closely misses you.
You closely miss the kobold.
The kobold is moderately wounded.
The kobold closely misses you.
You miss the kobold.
The kobold is moderately wounded.
The kobold hits you but does no damage. The kobold hits you with a +0 dagger.
You barely miss the kobold.
The kobold is moderately wounded.
The kobold hits you with a +0 dagger.
You barely miss the kobold.
The kobold is moderately wounded.
The kobold closely misses you.
You hit the kobold but do no damage. The kobold misses you.
You closely miss the kobold. The kobold closely misses you.
The kobold barely misses you.
You miss the kobold. The kobold hits you but does no damage.
You closely miss the kobold. The kobold barely misses you.
You closely miss the kobold. The kobold hits you with a +0 dagger.
You closely miss the kobold. The kobold hits you but does no damage.
The kobold hits you with a +0 dagger.
You completely miss the kobold. The kobold hits you with a +0 dagger.
You hit the kobold.
You kill the kobold!
You feel better.
You closely miss the frilled lizard. The frilled lizard bites you.
The frilled lizard closely misses you.
You barely miss the frilled lizard. The frilled lizard bites you.
You die...

#.# . ... ####.### # .#
##.. #....... . .. ...
##)###.# #.#. #.#
#####.##... #.#.
#.###...#.###.# # ...
#.....(.#.# #.#
#..#l###......##.###.#
#....@................
.......####.....###.###.
###.### #.....###.# . #
###.......# #########


You could see a frilled lizard.

Vanquished Creatures
  A ball python (D:1)
  A giant cockroach (D:1)
  2 goblins (D:1)
  A kobold (D:1)
  2 bats (D:1)
  A frilled lizard (D:1)
8 creatures vanquished.

Notes
Turn   | Place    | Note
-------+----------+-------------------------------------------
     0 | D:1      | qw the Ghoul Enchanter began the quest for the Orb.
     0 | D:1      | Reached XP level 1. HP: 14/14 MP: 2/2
     0 | D:1      | 0 ||| qw: Version: 0.1-a-108-g9e35731
     0 | D:1      | 0 ||| qw: Game counter: 6322
     0 | D:1      | 0 ||| qw: Always use a shield: true
     0 | D:1      | 0 ||| qw: God list: Okawaru
     0 | D:1      | 0 ||| qw: Allow faded altars: false
     0 | D:1      | 0 ||| qw: Do Orc after D:15 true
     0 | D:1      | 0 ||| qw: Do second Lair branch before Depths: true
     0 | D:1      | 0 ||| qw: Lair rune preference: random
     0 | D:1      | 0 ||| qw: Plans: Normal
     0 | D:1      | 0 ||| PLANNING D:1-11
    45 | D:1      | 45 ||| Stepping ~*~*~tactically~*~*~ (stealth).
    49 | D:1      | 49 ||| Stepping ~*~*~tactically~*~*~ (stealth).
    52 | D:1      | 52 ||| Stepping ~*~*~tactically~*~*~ (stealth).
    53 | D:1      | 53 ||| Stepping ~*~*~tactically~*~*~ (stealth).
    54 | D:1      | 54 ||| Stepping ~*~*~tactically~*~*~ (stealth).
    55 | D:1      | 55 ||| Stepping ~*~*~tactically~*~*~ (stealth).
    78 | D:1      | 78 ||| Stepping ~*~*~tactically~*~*~ (stealth).
    80 | D:1      | 80 ||| Stepping ~*~*~tactically~*~*~ (stealth).
    82 | D:1      | 82 ||| Stepping ~*~*~tactically~*~*~ (stealth).
    84 | D:1      | 84 ||| Stepping ~*~*~tactically~*~*~ (stealth).
    86 | D:1      | 86 ||| Stepping ~*~*~tactically~*~*~ (stealth).
   105 | D:1      | HP: 3/14 [giant cockroach (1)]
   111 | D:1      | Reached skill level 1 in Axes
   386 | D:1      | 386 ||| SWAPPING to +0 club.
   387 | D:1      | 387 ||| DROPPING +1 dagger.
   496 | D:1      | Reached skill level 1 in Fighting
   496 | D:1      | Reached XP level 2. HP: 23/23 MP: 3/3
   542 | D:1      | HP: 5/23 [kobold/+0 dagger (2)]
   543 | D:1      | HP: 2/23 [kobold/+0 dagger (3)]
   546 | D:1      | Slain by a frilled lizard

Levels and vault maps discovered:
D:1:      zelgadis_glass_arrival_small, layout_loops_cross,
          hellmonk_ecumenical_altar_inner_sanctum, minmay_parallelograms,
          grunt_decor_fettered

Skill      XL: |  1 |
---------------+----+-----
Axes           | 1 |  1.1
Fighting       | 1 |  1.0
Short Blades   | |  0.8
Dodging        | |  1.7
Stealth        | |  3.2
Spellcasting   | |  1.7
Hexes          | |  2.4

Action                   || total
-------------------------++-------
Melee: Dagger            ||    22
       Club              ||    39
Armor: Robe              ||    14
Dodge: Dodged            ||    41

Table legend:
 A = Non-vault XP
 B = Vault XP
 C = Vault XP percentage of total XP
 D = Non-vault monster count
 E = Vault monster count
 F = Vault count percentage of total count
                 A         B        C        D         E       F
            +---------+---------+-------+---------+---------+-------
      Total |      13 |       0 |   0.0 |       8 |       0 |   0.0
            +---------+---------+-------+---------+---------+-------
        D:1 |      13 |       0 |   0.0 |       8 |       0 |   0.0
            +---------+---------+-------+---------+---------+-------
